 Dungeon Crawl Stone Soup version 0.28.0 (webtiles) character file.

Game seed: 7514563431884392418

9308 Morbidden the Thaumaturge (level 11, 0/127 HPs)
             Began as a Demigod Ice Elementalist on Feb 11, 2022.
             Slain by a +2 mace of flaming (6 damage)
             ... in a volcano.
             The game lasted 00:33:16 (14665 turns).

Morbidden the Thaumaturge (DgIE)                   Turns: 14665, Time: 00:33:16

Health: 0/127      AC: 36    Str: 13    XL:     11   Next: 1%
Magic:  20/28      EV:  2    Int: 25    God:
Gold:   686        SH:  0    Dex: 14    Spells: 14/28 levels left

rFire   . . .      SeeInvis .   t - +3 dagger (pain)
rCold   . . .      Faith    .   y - +0 buckler
rNeg    . . .      Spirit   .   (armour currently unavailable)
rPois   +          Reflect  .   (helmet currently unavailable)
rElec   .          Harm     .   (cloak currently unavailable)
rCorr   .          Rampage  .   (gloves currently unavailable)
Will    +....      NoTele   +   (boots currently unavailable)
Stlth   +.........              F - amulet of regeneration
HPRegen 1.11/turn               m - ring of poison resistance
MPRegen 0.21/turn               (no ring)

@: confused, ice-armoured, tree-form, ambrosia-drunk
A: stationary, stasis, torment immunity, boosted hp, high MP 1, forlorn, divine
attributes
a: no special abilities


You were in a volcano.
You were a tree.
You visited 2 branches of the dungeon, and saw 12 of its levels.
You also visited: Volcano.

You collected 686 gold pieces.

Inventory:

Hand Weapons
 l - a +0 vorpal mace
 t - a +3 dagger of pain (weapon)
 E - a +0 scimitar
Missiles
 v - 5 throwing nets
 D - a poisoned dart
Armour
 h - a +0 pair of boots (melded)
 u - a +1 robe of the Archmagi (melded)
 y - a +0 buckler (worn)
 z - a +0 helmet (melded)
 A - a +2 leather armour of willpower
 M - a +0 robe of fire resistance
Jewellery
 m - a ring of poison resistance (left branch)
 q - a ring of fire
 F - an amulet of regeneration (around neck)
 G - a ring of fire
Wands
 a - a wand of paralysis (5)
 r - a wand of flame (11)
 s - a wand of digging (4)
 B - a wand of iceblast (14) (quivered)
 K - a wand of mindburst (5)
Scrolls
 c - 5 scrolls of identify
 d - 2 scrolls of teleportation
 g - 2 scrolls of noise
 i - 2 scrolls of amnesia
 j - 2 scrolls of immolation
 n - 3 scrolls of fog
 p - a scroll of enchant armour
 w - 2 scrolls of enchant weapon
 H - a scroll of holy word
 J - a scroll of fear
 L - a scroll of brand weapon
Potions
 e - a potion of berserk rage {unknown}
 f - 3 potions of curing
 k - a potion of haste
 o - 2 potions of lignification
 x - a potion of ambrosia
 C - a potion of heal wounds {unknown}
 I - 2 potions of attraction {unknown}


   Skills:
 * Level 4.6 Fighting
 + Level 1.0 Short Blades
 + Level 0.2 Maces & Flails
 + Level 1.8 Throwing
 + Level 3.4 Dodging
 + Level 3.4 Stealth
 + Level 1.0 Shields
 * Level 9.2 Spellcasting
 * Level 4.5 Conjurations
 * Level 3.8 Necromancy
 * Level 9.0 Ice Magic
 * Level 2.7 Air Magic
 + Level 0.3 Evocations


You had 14 spell levels left.
You knew the following spells:

 Your Spells              Type           Power      Damage    Failure   Level
a - Searing Ray           Conj           68%        2d6       1%          2
b - Frozen Ramparts       Ice            100%       1d12      1%          3
d - Freezing Cloud        Conj/Ice/Air   19%        6-21      22%         5
x - Freeze                Ice            100%       1d11      1%          1
z - Ozocubu's Armour      Ice            54%        N/A       1%          3

Your spell library contained the following spells:

 Spells                   Type           Power      Damage    Failure   Level
 Animate Skeleton         Necr           60%        N/A       1%          1
 Magic Dart               Conj           100%       1d8       1%          1
 Pain                     Necr           100%       1d9       1%          1
 Corpse Rot               Necr/Air       56%        N/A       2%          2
 Sublimation of Blood     Necr           30%        N/A       2%          2
 Hailstorm                Conj/Ice       45%        3d10      4%          4
 Summon Small Mammal      Summ           44%        N/A       8%          1
 Mephitic Cloud           Conj/Pois/Air  23%        N/A       8%          3
 Blink                    Tloc           22%        N/A       11%         2
 Wereblood                Tmut           11%        N/A       11%         2
 Call Canine Familiar     Summ           11%        N/A       22%         3
 Ignite Poison            Fire/Tmut/Pois 11%        N/A       22%         3
 Lesser Beckoning         Tloc           11%        N/A       22%         3
 Portal Projectile        Hex/Tloc       22%        N/A       22%         3
 Summon Guardian Golem    Hex/Summ       11%        N/A       22%         3
 Fulminant Prism          Conj/Hex       11%        3d9       28%         4
 Metabolic Englaciation   Hex/Ice        17%        N/A       32%         5
 Excruciating Wounds      Necr           15%        N/A       38%         5
 Simulacrum               Ice/Necr       21%        N/A       61%         6
 Blade Hands              Tmut           5%         N/A       90%         5
 Manifold Assault         Tloc           11%        N/A       90%         5
 Summon Hydra             Summ           5%         N/A       100%        7


Dungeon Overview and Level Annotations

Branches:
Dungeon (11/15)            Temple (0/1) D:7            Lair (1/6) D:11
    Orc (0/2) D:10        Volcano (1/1)

Shops:
D:8 [


Innate Abilities, Weirdness & Mutations

You are a tree.
Your roots penetrate the ground, keeping you stationary.
You cannot be teleported.
You are immune to unholy pain and torment.
Your maximum health is greatly increased.
Your equipment is partially melded.
You have an increased reservoir of magic. (+10% MP)
You shall have no god before yourself.
Your divine heritage dramatically boosts your attributes as you level up.


Message History

Your +1 robe of the Archmagi melds into your body.
You feel strangely numb.
Your roots penetrate the ground.
In the distance, the volcano erupts with a roar.
The +2 mace of flaming completely resists.
The wall freezes the +2 mace of flaming but does no damage.
The +2 mace of flaming hits you but does no damage.
The +2 mace of flaming completely resists.
The wall freezes the +2 mace of flaming but does no damage.
The +2 mace of flaming hits you but does no damage.
Unknown command.
Unknown command.
You are confused.
You feel invigorated.
The +2 mace of flaming resists.
The wall freezes the +2 mace of flaming.
The +2 mace of flaming hits you!
* * * LOW HITPOINT WARNING * * *
The +2 mace of flaming burns you.
* * * LOW HITPOINT WARNING * * *
The heat melts your icy armour.
The +2 mace of flaming completely resists.
The wall freezes the +2 mace of flaming but does no damage.
The +2 mace of flaming hits you.
* * * LOW HITPOINT WARNING * * *
The +2 mace of flaming burns you.
* * * LOW HITPOINT WARNING * * *
The +2 mace of flaming resists.
The wall freezes the +2 mace of flaming.
The +2 mace of flaming hits you but does no damage.
The heat melts your icy armour.
The +2 mace of flaming completely resists.
The wall freezes the +2 mace of flaming but does no damage.
The +2 mace of flaming hits you but does no damage.
The +2 mace of flaming resists.
The wall freezes the +2 mace of flaming.
The +2 mace of flaming hits you but does no damage.
Unknown command.
The frozen ramparts melt away.
The +2 mace of flaming hits you!
* * * LOW HITPOINT WARNING * * *
The +2 mace of flaming burns you.
You die...

#############
#.♣.........#
#(#########.#
#.#9.$!$$)#.#
#.#$$!![[$#.#
#.'$([)$$.#.#
###########.#
#.....'....#
+.∩.########
#...###


You could see a +2 mace of flaming.

Vanquished Creatures
  Harold (D:10)
  2 two-headed ogres
  2 wizards (Volcano)
  A centaur zombie (D:11)
  2 toenail golems (Volcano)
  A komodo dragon (D:11)
  2 trolls
  A ynoxinul (D:9)
  Eustachio (D:6)
  7 yaks (D:10)
  2 wyverns (D:8)
  A basilisk (D:9)
  2 vampire mosquitoes (D:11)
  An acid dragon (D:10)
  A water moccasin (D:9)
  3 ice beasts
  An orc warrior (D:7)
  An ogre (D:5)
  2 necrophages
  2 centaurs (D:8)
  3 phantoms
  3 bullfrogs
  A gnoll sergeant (D:5)
  3 scorpions (D:6)
  A water moccasin zombie (D:6)
  5 killer bees (D:6)
  5 wights (D:7)
  2 electric eels (D:10)
  2 howler monkeys
  2 bullfrog zombies
  2 jellies
  2 gnoll shamans
  A hound (D:5)
  5 iguanas
  4 orc wizards
  A killer bee zombie (D:8)
  A hound skeleton (D:5)
  Robin (D:4)
  13 gnolls
  2 adders
  A shadow imp (D:7)
  A white imp (D:6)
  An adder zombie (D:5)
  2 adder skeletons
  3 worms
  A dart slug (D:2)
  26 orcs
  6 ball pythons
  7 bats
  6 endoplasms
  11 goblins
  13 hobgoblins
  4 jackals (D:5)
  3 quokkas
  3 frilled lizards
  12 kobolds
  3 rats
198 creatures vanquished.

Notes
Turn   | Place    | Note
-------+----------+-------------------------------------------
     0 | D:1      | Morbidden the Demigod Ice Elementalist began the quest for
                  | the Orb.
     0 | D:1      | Reached XP level 1. HP: 14/14 MP: 5/5
   218 | D:1      | Reached XP level 2. HP: 9/20 MP: 4/7
  1474 | D:2      | Reached XP level 3. HP: 18/27 MP: 3/8
  1577 | D:2      | Learned a level 3 spell: Frozen Ramparts
  2189 | D:2      | Reached skill level 1 in Fighting
  2396 | D:3      | Reached XP level 4. HP: 25/35 MP: 6/10
  3489 | D:4      | Noticed Robin
  3496 | D:4      | Killed Robin
  3758 | D:4      | Reached XP level 5. HP: 11/40 MP: 6/12
  4035 | D:4      | Learned a level 3 spell: Ozocubu's Armour
  4232 | D:5      | Entered Level 5 of the Dungeon
  4294 | D:5      | Noticed a two-headed ogre
  4301 | D:5      | Killed a two-headed ogre
  4302 | D:5      | Reached XP level 6. HP: 16/50 MP: 2/16
  4302 | D:5      | Reached XP level 7. HP: 18/56 MP: 2/17
  4678 | D:5      | Identified the +4 spear of Eternity {vorpal, Str+3 Int+4}
  4755 | D:5      | Learned a level 2 spell: Searing Ray
  4982 | D:5      | Reached skill level 5 in Spellcasting
  6113 | D:5      | Reached skill level 1 in Conjurations
  6331 | D:6      | Reached XP level 8. HP: 56/62 MP: 12/20
  6522 | D:6      | Reached skill level 1 in Necromancy
  7444 | D:6      | Reached skill level 1 in Throwing
  8053 | D:6      | Noticed Eustachio
  8111 | D:6      | Killed Eustachio
  8988 | D:7      | Reached XP level 9. HP: 44/70 MP: 15/22
 10241 | D:7      | Found a staircase to the Ecumenical Temple.
 11824 | D:8      | Found Cheibriados's Comfort Zone.
 11996 | D:8      | Learned a level 5 spell: Freezing Cloud
 11999 | D:9      | Noticed a two-headed ogre
 12008 | D:9      | Killed a two-headed ogre
 12203 | D:9      | HP: 2/71 [ufetubus[a ynoxinul] (3)]
 12206 | D:9      | Reached skill level 1 in Air Magic
 12502 | D:9      | Got Sif Muna's Volume of Stolen Souls
 12564 | D:9      | Noticed a skeletal warrior
 12597 | D:9      | Noticed a skeletal warrior
 12896 | D:8      | Reached XP level 10. HP: 71/78 MP: 17/26
 13018 | D:9      | Noticed a skeletal warrior
 13161 | D:10     | Entered Level 10 of the Dungeon
 13283 | D:10     | Noticed Harold
 13295 | D:10     | Killed Harold
 13488 | D:10     | Found a staircase to the Orcish Mines.
 14173 | D:11     | Noticed a cyclops
 14176 | D:11     | Noticed a skeletal warrior
 14177 | D:11     | Noticed a skeletal warrior
 14187 | D:11     | Noticed a red ugly thing
 14391 | D:11     | Noticed a skeletal warrior
 14483 | D:11     | Found a staircase to the Lair.
 14493 | Lair:1   | Entered Level 1 of the Lair of Beasts
 14514 | Lair:1   | Found a dark tunnel.
 14523 | Volcano  | Entered a volcano
 14531 | Volcano  | Noticed a wizard
 14537 | Volcano  | Killed a wizard
 14538 | Volcano  | Reached skill level 1 in Shields
 14550 | Volcano  | Noticed a wizard
 14554 | Volcano  | Killed a wizard
 14555 | Volcano  | Reached skill level 1 in Short Blades
 14595 | Volcano  | Noticed a toenail golem
 14596 | Volcano  | Noticed a toenail golem
 14596 | Volcano  | Noticed a +2 mace of flaming
 14625 | Volcano  | Killed a toenail golem
 14635 | Volcano  | Killed a toenail golem
 14636 | Volcano  | Reached XP level 11. HP: 76/85 MP: 15/28
 14662 | Volcano  | HP: 6/127 [+2 mace of flaming (9)]
 14665 | Volcano  | Slain by a +2 mace of flaming

Illustrated notes

Levels and vault maps discovered:
D:1:      minmay_arrival_widening_spiral_wide, layout_basic
D:2:      layout_loops_ring
D:3:      layout_basic, lemuel_doored_altar,
          shapermc_ecumenical_altar_mp_vishouse, st_stairs_13, minivault_23
D:4:      layout_basic, nicolae_overflow_crystal_walls,
          grunt_temple_overflow_forces_of_nature, uniq_robin
D:5:      kennysheep_spiral_hall, layout_loops_ring
D:6:      layout_cave_pods, uniq_eustachio
D:7:      minmay_angry_zag, layout_loops_ring, minmay_temple_entry_from_below_b
D:8:      layout_basic, minmay_shop_chei, nicolae_sextant,
          grunt_decor_resistance, minmay_fountain_box, roderic_lattice_a
D:9:      layout_layer_cave, nzn_overflow_gifts_of_might_and_magic
D:10:     statuecave_lemuel, layout_rooms, orc_0_dummy, uniq_harold
D:11:     layout_gridville, lair_entry_dummy
Lair:1:   layout_cave_shapes, gauntlet_entry_generic, enter_volcano_2
Volcano:  volcano_bunker

Skill      XL: |  1  2  3  4  5  6  7  8  9 10 |
---------------+-------------------------------+-----
Ice Magic      | 4 6 7 9 |  9.0
Spellcasting   | 2 3 4 5 6 7 9 |  9.2
Stealth        | 2 3 |  3.4
Fighting       | 1 2 3 4 |  4.6
Dodging        | 2 3 |  3.4
Conjurations   | 1 2 4 |  4.5
Necromancy     | 1 2 3 |  3.8
Throwing       | 1 |  1.8
Air Magic      | 1 2 |  2.7
Shields        | 1 |  1.0
Short Blades   | 1 |  1.0
Maces & Flails | |  0.2
Evocations     | |  0.3

Action                   |  1- 3 |  4- 6 |  7- 9 | 10-12 || total
-------------------------+-------+-------+-------+-------++-------
Melee: Unarmed           |    28 |       |       |       ||    28
       Mace              |    10 |    21 |       |       ||    31
       Dagger            |       |    10 |    71 |    61 ||   142
       Punch             |       |       |     1 |       ||     1
Throw: Dart              |       |       |    33 |     1 ||    34
       Throwing net      |       |       |       |     1 ||     1
 Cast: Freeze            |    61 |    33 |    14 |     2 ||   110
       Frozen Ramparts   |     5 |     6 |    37 |    17 ||    65
       Ozocubu's Armour  |       |     2 |    24 |    14 ||    40
       Searing Ray       |       |       |    85 |    14 ||    99
       Freezing Cloud    |       |       |       |     1 ||     1
Evoke: Wand              |       |       |     2 |    11 ||    13
  Use: Potion            |       |     1 |     2 |     5 ||     8
       Scroll            |       |       |     9 |     6 ||    15
 Stab: Sleeping          |     1 |       |       |     1 ||     2
       Distracted        |       |     1 |       |       ||     1
       Paralysed         |       |       |     2 |     1 ||     3
Armor: Robe              |    29 |    15 |    67 |    45 ||   156
       Skin              |       |       |       |     5 ||     5
Dodge: Dodged            |    59 |    40 |   160 |    66 ||   325
Block: Buckler           |       |       |    36 |    27 ||    63
